Pittsburgh Penguins vs Washington Capitals (R1)

Created - Saturday, October 11, 2025 at 07:40

Goals
1 2 3 OT1 T
Pittsburgh Penguins 0 1 3 1 5
Washington Capitals 1 3 0 0 4
Shots
1 2 3 OT1 T
Pittsburgh Penguins 12 5 13 1 31
Washington Capitals 9 10 7 0 26

1st period

1. Washington Capitals , Jason Robertson 21 (John Carlson 26) at 19:58 (PP)

Penalties :
Tom Wilson (WSH) for Interference (Minor) at 12:35, Tyler Myers (WSH) for Tripping (Minor) at 14:37, Mattias Ekholm (PIT) for Tripping (Minor) at 19:25

2nd period

2. Washington Capitals , Tom Wilson 19 (Owen Tippett 20, Nico Hischier 35) at 7:25 (PP)
3. Pittsburgh Penguins , Leon Draisaitl 21 (Mitchell Marner 30, Brian Dumoulin 19) at 7:39
4. Washington Capitals , Tom Wilson 20 (Nick Jensen 13, Nico Hischier 36) at 10:21
5. Washington Capitals , Alex Ovechkin 26 (Tom Wilson 27, Nico Hischier 37) at 11:19 (PP)

Penalties :
Mattias Ekholm (PIT) for Holding (Minor) at 6:47, Tyler Myers (WSH) for High sticking (Minor) at 7:44, Mattias Ekholm (PIT) for Holding Stick (Minor) at 10:24, Blake Coleman (PIT) for High sticking (Double Minor) at 12:06, Ryan O'Reilly (PIT) for Holding Stick (Minor) at 16:58

3rd period

6. Pittsburgh Penguins , Mattias Ekholm 5 (Mitchell Marner 31, Leon Draisaitl 31) at 0:50
7. Pittsburgh Penguins , Brian Dumoulin 5 (Mitchell Marner 32, Jordan Binnington) at 11:20 (PP)
8. Pittsburgh Penguins , Leon Draisaitl 22 (Mitchell Marner 33, Erik Karlsson 22) at 13:05

Penalties :
Jamie Oleksiak (WSH) for Slashing (Minor) at 4:13, Tomas Hertl (WSH) for Spearing (Major / Game Misconduct) at 10:58, Tage Thompson (PIT) for Tripping (Minor) at 12:50, Leon Draisaitl (PIT) for Tripping (Minor) at 15:43

Overtime #1

9. Pittsburgh Penguins , Leon Draisaitl 23 (Mitchell Marner 34, Travis Sanheim 17) at 0:40

Penalties :
No Penalty

Goalie Stats

Jordan Binnington (PIT), 22 saves from 26 shots - (0.846), W, 10-5-1, 60:40 minutes
Jake Oettinger (WSH), 26 saves from 31 shots - (0.839), OTL, 18-19-3, 60:40 minutes

Players Stats for Pittsburgh Penguins

Player Name              G  A  P  +/- PIM S  H  SB GA TA FO     MP     PP MP  PK MP  
------------------------------------------------------------------------------------
Blake Coleman            0  0  0   0  4   1  0  0  0  1  0/0     9:21   0:00   0:00 
Brian Dumoulin           1  1  2   2  0   2  2  0  1  3  0/0    24:05   5:18   4:07 
Carson Soucy             0  0  0  -1  0   3  0  1  0  0  0/0    10:32   0:00   0:00 
Christian Dvorak         0  0  0  -1  0   0  2  0  0  1  0/0     9:38   0:19   1:15 
Erik Gudbranson          0  0  0  -1  0   0  1  1  0  0  0/0    11:41   0:00   1:08 
Erik Karlsson            0  1  1   2  0   2  0  1  0  2  0/0    25:47   5:24   5:26 
Gabriel Vilardi          0  0  0   0  0   0  2  0  0  0  1/1    14:57   4:38   0:00 
Jordan Eberle            0  0  0   0  0   2  1  0  1  1  0/0     9:38   0:01   0:00 
Leon Draisaitl           3  1  4   4  2   7  0  1  1  1  10/23  20:03   5:26   3:23 
Mattias Ekholm           1  0  1   2  6   2  4  0  0  0  0/0    23:25   5:18   3:31 
Mitchell Marner          0  5  5   4  0   2  1  2  0  1  2/9    21:03   5:27   4:09 
Pavel Buchnevich         0  0  0   0  0   0  0  0  0  1  5/10   12:05   0:00   2:43 
Phillip Danault          0  0  0  -1  0   1  0  0  0  0  3/3     7:09   0:00   0:00 
Ryan O'Reilly            0  0  0   0  2   4  0  0  1  0  12/19  19:55   5:14   3:15 
Sam Reinhart             0  0  0   2  0   1  4  1  0  1  4/6    21:24   5:45   4:18 
Tage Thompson            0  0  0   0  2   4  2  0  0  0  0/1    15:32   5:13   0:00 
Travis Sanheim           0  1  1   2  0   0  1  2  0  1  0/0    25:47   5:24   5:26 
Zemgus Girgensons        0  0  0  -1  0   0  1  0  0  1  0/1     8:29   0:01   0:35 

Players Stats for Washington Capitals

Player Name              G  A  P  +/- PIM S  H  SB GA TA FO     MP     PP MP  PK MP  
------------------------------------------------------------------------------------
Alex Ovechkin            1  0  1   1  0   2  1  0  0  0  0/2    16:39   4:22   0:00 
Drake Batherson          0  0  0  -2  0   2  1  0  3  0  0/0    14:56   4:15   0:15 
Fabian Zetterlund        0  0  0   0  0   2  0  0  1  0  0/1     8:54   1:28   0:03 
Ian Cole                 0  0  0  -3  0   0  2  2  0  0  0/0    21:20   1:05   5:17 
Jamie Oleksiak           0  0  0   1  2   0  0  3  0  2  0/0    16:34   0:52   4:23 
Jason Robertson          1  0  1  -2  0   5  0  0  0  0  0/0    15:40   4:15   0:03 
John Carlson             0  1  1  -3  0   1  1  1  1  0  0/0    25:33   4:45   5:17 
Lars Eller               0  0  0   0  0   0  1  0  1  1  6/13   14:53   0:51   5:46 
Nick Foligno             0  0  0   0  0   2  1  0  0  0  3/3    18:26   4:32   5:46 
Nick Jensen              0  1  1   1  0   0  1  1  0  1  0/0    12:08   0:00   0:51 
Nico Hischier            0  3  3  -1  0   2  4  1  1  0  13/21  18:53   4:31   0:27 
Owen Tippett             0  1  1  -2  0   2  2  0  3  0  0/0    14:02   4:33   0:00 
Sean Kuraly              0  0  0   0  0   0  2  1  0  0  2/10   12:15   0:16   4:35 
Stefan Noesen            0  0  0   0  0   0  1  0  2  0  0/0    13:03   1:19   4:29 
Thomas Harley            0  0  0  -1  0   0  0  3  0  0  0/0    19:59   4:12   2:29 
Tom Wilson               2  1  3   1  2   5  0  2  1  0  0/4    16:31   4:22   0:00 
Tomas Hertl              0  0  0  -2  15  2  0  0  0  0  12/19  13:11   3:27   0:00 
Tyler Myers              0  0  0  -1  4   1  1  0  1  0  0/0    16:43   0:00   3:07 

3 Stars

1 - Leon Draisaitl (PIT)
2 - Mitchell Marner (PIT)
3 - Brian Dumoulin (PIT)

Power Play

Pittsburgh Penguins - 1 on 6 Attempt(s) - 16.67%
Washington Capitals - 3 on 8 Attempt(s) - 37.50%

Penalty Kill

Pittsburgh Penguins - 5 on 8 Attempt(s) - 62.50% - Score 0 goal in Penalty Kill
Washington Capitals - 5 on 6 Attempt(s) - 83.33% - Score 0 goal in Penalty Kill

Team Stat

Pittsburgh Penguins - Hits : 21 - Faceoff Wins : 37 - Blocked Shots : 9 - Penalty Minutes : 16
Washington Capitals - Hits : 18 - Faceoff Wins : 36 - Blocked Shots : 14 - Penalty Minutes : 23

Official

Referees : Jordan Samuels and Jean Hebert
Linesman : Steve Barton and Mark Shewchyk

Game Notes

Tomas Hertl (WSH) for Spearing (Major / Game Misconduct) at 10:58
Tomas Hertl ejected from game at 10:58 of 3rd period
Leon Draisaitl has scored a Hat Trick!

Finance

Level 1 -- Attendance: 5413 (90.22%) -- Ticket Income $514,235
Level 2 -- Attendance: 4879 (97.58%) -- Ticket Income $253,708
Level 3 -- Attendance: 2199 (73.30%) -- Ticket Income $76,965
Level 4 -- Attendance: 4477 (89.54%) -- Ticket Income $98,494
Luxury Box -- Attendance: 1000 (100.00%) -- Ticket Income $190,000
Game was played at the Verizon Center.
Total Attendance: 17968 (89.84%)
Total Ticket Income: $1,133,402
Other Income: $396,691
Total Income: $1,530,093

Pittsburgh Penguins

5 vs 5 Forward 
   Center                   Left Wing                Right Wing               Time % Phy DF OF 
 1 Leon Draisaitl           Sam Reinhart             Mitchell Marner          30     1   2  2  
 2 Ryan O'Reilly            Tage Thompson            Gabriel Vilardi          30     1   2  2  
 3 Pavel Buchnevich         Blake Coleman            Jordan Eberle            25     1   2  2  
 4 Phillip Danault          Christian Dvorak         Zemgus Girgensons        15     1   2  2  

5 vs 5 Defense 
   Defense                  Defense                                           Time % Phy DF OF 
 1 Travis Sanheim           Erik Karlsson                                     35     1   2  2  
 2 Brian Dumoulin           Mattias Ekholm                                    35     1   2  2  
 3 Carson Soucy             Erik Gudbranson                                   30     1   2  2  
 4 Travis Sanheim           Erik Karlsson                                     0      1   2  2  

PowerPlay Forward 
   Center                   Left Wing                Right Wing               Time % Phy DF OF 
 1 Leon Draisaitl           Sam Reinhart             Mitchell Marner          50     1   2  2  
 2 Ryan O'Reilly            Tage Thompson            Gabriel Vilardi          50     1   2  2  

PowerPlay Defense
   Defense                  Defense                                           Time % Phy DF OF 
 1 Travis Sanheim           Erik Karlsson                                     50     1   2  2  
 2 Brian Dumoulin           Mattias Ekholm                                    50     1   2  2  

Penalty Kill 4 Players Forward 
   Center                   Wing                     Time % Phy DF OF 
 1 Mitchell Marner          Leon Draisaitl           50     1   2  2  
 2 Sam Reinhart             Ryan O'Reilly            50     1   2  2  

Penalty Kill 4 Players Defense
   Defense                  Defense                  Time % Phy DF OF 
 1 Travis Sanheim           Erik Karlsson            50     1   2  2  
 2 Brian Dumoulin           Mattias Ekholm           50     1   2  2  

Penalty Kill - 3 Players Forward 
   Forward                                           Time % Phy DF OF 
 1 Mitchell Marner                                   50     1   2  2  
 2 Leon Draisaitl                                    50     1   2  2  

Penalty Kill - 3 Players Defense
   Defense                  Defense                  Time % Phy DF OF 
 1 Travis Sanheim           Erik Karlsson            50     1   2  2  
 2 Brian Dumoulin           Mattias Ekholm           50     1   2  2  

4 vs 4 Forward 
   Center                   Wing                     Time % Phy DF OF 
 1 Mitchell Marner          Leon Draisaitl           50     1   2  2  
 2 Sam Reinhart             Ryan O'Reilly            50     1   2  2  

4 vs 4 Defense
   Defense                  Defense                  Time % Phy DF OF 
 1 Travis Sanheim           Erik Karlsson            50     1   2  2  
 2 Brian Dumoulin           Mattias Ekholm           50     1   2  2  

Last Minutes Offensive
   Center                   Left Wing                Right Wing               Defense                  Defense                  
   Leon Draisaitl           Sam Reinhart             Mitchell Marner          Travis Sanheim           Erik Karlsson            

Last Minutes Defensive
   Center                   Left Wing                Right Wing               Defense                  Defense                  
   Leon Draisaitl           Sam Reinhart             Mitchell Marner          Travis Sanheim           Erik Karlsson            

Goaltenders
Starting : Jordan Binnington        
Backup : John Gibson              

Extra Forwards
Normal : Christian Dvorak, Zemgus Girgensons, Pavel Buchnevich - PP : Christian Dvorak, Zemgus Girgensons - PK : Pavel Buchnevich
Extra Defensemen
Normal : Carson Soucy, Erik Gudbranson, Brian Dumoulin - PP : Carson Soucy - PK : Erik Gudbranson, Brian Dumoulin
Penalty Shots
Mitchell Marner, Leon Draisaitl, Sam Reinhart, Ryan O'Reilly, Tage Thompson

Scratches
Jack Finley (Healthy), Justin Kirkland (Healthy), Kale Clague (Healthy), Michael DiPietro (Healthy)

Washington Capitals

5 vs 5 Forward 
   Center                   Left Wing                Right Wing               Time % Phy DF OF 
 1 Nico Hischier            Alex Ovechkin            Tom Wilson               33     1   1  3  
 2 Tomas Hertl              Drake Batherson          Jason Robertson          31     0   1  4  
 3 Lars Eller               Owen Tippett             Nick Foligno             25     1   2  2  
 4 Sean Kuraly              Stefan Noesen            Fabian Zetterlund        11     2   0  3  

5 vs 5 Defense 
   Defense                  Defense                                           Time % Phy DF OF 
 1 John Carlson             Ian Cole                                          38     0   2  3  
 2 Thomas Harley            Tyler Myers                                       35     0   2  3  
 3 Jamie Oleksiak           Nick Jensen                                       27     0   3  2  
 4 Jamie Oleksiak           Nick Jensen                                       0      1   2  2  

PowerPlay Forward 
   Center                   Left Wing                Right Wing               Time % Phy DF OF 
 1 Nico Hischier            Alex Ovechkin            Tom Wilson               50     0   0  5  
 2 Tomas Hertl              Drake Batherson          Jason Robertson          50     0   0  5  

PowerPlay Defense
   Defense                  Defense                                           Time % Phy DF OF 
 1 John Carlson             Nick Foligno                                      50     0   2  3  
 2 Thomas Harley            Owen Tippett                                      50     0   2  3  

Penalty Kill 4 Players Forward 
   Center                   Wing                     Time % Phy DF OF 
 1 Lars Eller               Nick Foligno             50     0   3  2  
 2 Sean Kuraly              Stefan Noesen            50     0   3  2  

Penalty Kill 4 Players Defense
   Defense                  Defense                  Time % Phy DF OF 
 1 John Carlson             Ian Cole                 50     0   4  1  
 2 Jamie Oleksiak           Tyler Myers              50     0   4  1  

Penalty Kill - 3 Players Forward 
   Forward                                           Time % Phy DF OF 
 1 Nick Foligno                                      50     0   5  0  
 2 Lars Eller                                        50     0   5  0  

Penalty Kill - 3 Players Defense
   Defense                  Defense                  Time % Phy DF OF 
 1 John Carlson             Ian Cole                 50     2   3  0  
 2 Jamie Oleksiak           Tyler Myers              50     3   2  0  

4 vs 4 Forward 
   Center                   Wing                     Time % Phy DF OF 
 1 Nico Hischier            Owen Tippett             50     0   1  4  
 2 Tomas Hertl              Jason Robertson          50     0   1  4  

4 vs 4 Defense
   Defense                  Defense                  Time % Phy DF OF 
 1 John Carlson             Ian Cole                 50     0   2  3  
 2 Thomas Harley            Tyler Myers              50     0   2  3  

Last Minutes Offensive
   Center                   Left Wing                Right Wing               Defense                  Defense                  
   Nico Hischier            Tomas Hertl              Alex Ovechkin            Thomas Harley            Jason Robertson          

Last Minutes Defensive
   Center                   Left Wing                Right Wing               Defense                  Defense                  
   Nico Hischier            Nick Foligno             Tom Wilson               Ian Cole                 Jamie Oleksiak           

Goaltenders
Starting : Jake Oettinger           
Backup : Casey DeSmith            

Extra Forwards
Normal : Fabian Zetterlund, Stefan Noesen, Sean Kuraly - PP : Fabian Zetterlund, Stefan Noesen - PK : Nico Hischier
Extra Defensemen
Normal : Jamie Oleksiak, Nick Jensen, Tyler Myers - PP : Ian Cole - PK : Thomas Harley, Nick Jensen
Penalty Shots
Jason Robertson, Fabian Zetterlund, Owen Tippett, Alex Ovechkin, Drake Batherson

Scratches
James van Riemsdyk (Healthy), Calvin Pickard (Healthy)

% Time on Ice - Pittsburgh Penguins

Lines # - Real PCT - Wanted PCT - Time Play
Normal Forward
1 - 28% - 30% - 10:15
2 - 28% - 30% - 10:31
3 - 25% - 25% - 9:21
4 - 19% - 15% - 7:09
Normal Defense
1 - 36% - 35% - 13:14
2 - 36% - 35% - 13:30
3 - 28% - 30% - 10:32
4 - 0% - 0% - 0:00
PP Forward
1 - 51% - 50% - 5:28
2 - 49% - 50% - 5:14
PP Defense
1 - 50% - 50% - 5:24
2 - 50% - 50% - 5:18
PK Forward
1 - 49% - 50% - 4:47
2 - 51% - 50% - 5:02
PK Defense
1 - 55% - 50% - 5:26
2 - 45% - 50% - 4:23
PK3 Forward
1 - 0% - 50%
2 - 0% - 50%
PK3 Defense
1 - 0% - 50%
2 - 0% - 50%
44 Forward
1 - 52% - 50% - 1:30
2 - 48% - 50% - 1:23
44 Defense
1 - 60% - 50% - 1:43
2 - 40% - 50% - 1:10
Last Minute Offensive  - 0:00
Last Minute Defensive  - 0:00
Total
Forward - 60:40
Defense - 60:40

% Time on Ice - Washington Capitals

Lines # - Real PCT - Wanted PCT - Time Play
Normal Forward
1 - 33% - 33% - 12:23
2 - 30% - 31% - 11:01
3 - 20% - 25% - 7:29
4 - 17% - 11% - 6:23
Normal Defense
1 - 37% - 38% - 13:45
2 - 35% - 35% - 12:55
3 - 27% - 27% - 10:00
4 - 2% - 0% - 0:36
PP Forward
1 - 55% - 50% - 5:26
2 - 45% - 50% - 4:23
PP Defense
1 - 48% - 50% - 4:45
2 - 52% - 50% - 5:04
PK Forward
1 - 55% - 50% - 5:54
2 - 45% - 50% - 4:48
PK Defense
1 - 49% - 50% - 5:17
2 - 51% - 50% - 5:25
PK3 Forward
1 - 0% - 50%
2 - 0% - 50%
PK3 Defense
1 - 0% - 50%
2 - 0% - 50%
44 Forward
1 - 61% - 50% - 1:45
2 - 39% - 50% - 1:08
44 Defense
1 - 61% - 50% - 1:46
2 - 39% - 50% - 1:07
Last Minute Offensive  - 0:00
Last Minute Defensive  - 0:00
Total
Forward - 60:40
Defense - 60:40

Play-by-Play

1st period


0:01 of 1st period - Nico Hischier wins face-off versus Leon Draisaitl in neutral zone.
0:44 of 1st period - Snap shot by Blake Coleman.
0:44 of 1st period - Shot Misses the Net.
1:05 of 1st period - Carson Soucy is hit by Ian Cole and loses puck.
1:46 of 1st period - Snap shot by Jason Robertson.
1:46 of 1st period - Stopped by Jordan Binnington with a rebound.
3:36 of 1st period - Wrist shot by Fabian Zetterlund.
3:36 of 1st period - Stopped by Jordan Binnington with a rebound.
3:38 of 1st period - Slapshot by Tyler Myers.
3:38 of 1st period - Shot Misses the Net.
4:10 of 1st period - Slapshot by Christian Dvorak.
4:10 of 1st period - Shot Misses the Net.
4:12 of 1st period - Slapshot by Mattias Ekholm.
4:12 of 1st period - Shot Blocked by Jamie Oleksiak.
4:14 of 1st period - Slapshot by Brian Dumoulin.
4:14 of 1st period - Stopped by Jake Oettinger without a rebound.
4:15 of 1st period - Lars Eller wins face-off versus Ryan O'Reilly in Washington Capitals zone.
4:22 of 1st period - Snap shot by Tage Thompson.
4:22 of 1st period - Stopped by Jake Oettinger with a rebound.
4:24 of 1st period - Snap shot by Tage Thompson.
4:24 of 1st period - Shot Misses the Net.
4:26 of 1st period - Slapshot by Carson Soucy.
4:26 of 1st period - Stopped by Jake Oettinger with a rebound.
4:28 of 1st period - Snap shot by Gabriel Vilardi.
4:28 of 1st period - Shot Misses the Net.
4:30 of 1st period - Slapshot by Carson Soucy.
4:30 of 1st period - Stopped by Jake Oettinger without a rebound.
4:31 of 1st period - Pavel Buchnevich wins face-off versus Tomas Hertl in Washington Capitals zone.
4:42 of 1st period - Travis Sanheim is hit by Nick Jensen and loses puck.
4:57 of 1st period - Ian Cole is hit by Tage Thompson and loses puck.
5:04 of 1st period - Travis Sanheim is hit by Alex Ovechkin and loses puck.
5:39 of 1st period - Slapshot by Tage Thompson.
5:39 of 1st period - Shot Blocked by Jamie Oleksiak.
5:51 of 1st period - Wrist shot by Tage Thompson.
5:51 of 1st period - Shot Misses the Net.
5:53 of 1st period - Snap shot by Tage Thompson.
5:53 of 1st period - Shot Misses the Net.
6:09 of 1st period - Wrist shot by Fabian Zetterlund.
6:09 of 1st period - Shot Misses the Net.
6:25 of 1st period - Snap shot by Ryan O'Reilly.
6:25 of 1st period - Stopped by Jake Oettinger with a rebound.
6:29 of 1st period - Snap shot by Ryan O'Reilly.
6:29 of 1st period - Deflect By Gabriel Vilardi.
6:29 of 1st period - Shot Blocked by Nick Jensen.
6:29 of 1st period - Puck is out of play.
6:30 of 1st period - Lars Eller wins face-off versus Leon Draisaitl in Washington Capitals zone.
6:43 of 1st period - Wrist shot by Nick Foligno.
6:43 of 1st period - Stopped by Jordan Binnington without a rebound.
6:44 of 1st period - Leon Draisaitl wins face-off versus Tomas Hertl in Pittsburgh Penguins zone.
7:11 of 1st period - Tyler Myers is hit by Jordan Eberle and loses puck.
7:42 of 1st period - Snap shot by Phillip Danault.
7:42 of 1st period - Shot Misses the Net.
7:58 of 1st period - Snap shot by Drake Batherson.
7:58 of 1st period - Stopped by Jordan Binnington without a rebound.
7:59 of 1st period - Tomas Hertl wins face-off versus Pavel Buchnevich in Pittsburgh Penguins zone.
8:56 of 1st period - Off-side.
8:57 of 1st period - Pavel Buchnevich wins face-off versus Alex Ovechkin in neutral zone.
9:12 of 1st period - Snap shot by Tom Wilson.
9:12 of 1st period - Shot Misses the Net.
9:14 of 1st period - Snap shot by Nico Hischier.
9:14 of 1st period - Stopped by Jordan Binnington without a rebound.
9:15 of 1st period - Lars Eller wins face-off versus Leon Draisaitl in Pittsburgh Penguins zone.
9:30 of 1st period - Snap shot by Leon Draisaitl.
9:30 of 1st period - Stopped by Jake Oettinger without a rebound.
9:31 of 1st period - Pavel Buchnevich wins face-off versus Nico Hischier in Washington Capitals zone.
9:45 of 1st period - Wrist shot by Tom Wilson.
9:45 of 1st period - Shot Misses the Net.
9:57 of 1st period - Ian Cole is hit by Mattias Ekholm.
10:05 of 1st period - Wrist shot by Mitchell Marner.
10:05 of 1st period - Shot Misses the Net.
10:07 of 1st period - Slapshot by Carson Soucy.
10:07 of 1st period - Stopped by Jake Oettinger without a rebound.
10:08 of 1st period - Nico Hischier wins face-off versus Ryan O'Reilly in Washington Capitals zone.
10:21 of 1st period - Wrist shot by Gabriel Vilardi.
10:21 of 1st period - Shot Misses the Net.
10:23 of 1st period - Slapshot by Erik Gudbranson.
10:23 of 1st period - Shot Blocked by Thomas Harley.
10:25 of 1st period - Wrist shot by Ryan O'Reilly.
10:25 of 1st period - Shot Misses the Net.
10:32 of 1st period - Icing by Tyler Myers.
10:33 of 1st period - Nico Hischier wins face-off versus Pavel Buchnevich in Washington Capitals zone.
10:38 of 1st period - Snap shot by Tom Wilson.
10:38 of 1st period - Shot Misses the Net.
10:40 of 1st period - Slapshot by Tyler Myers.
10:40 of 1st period - Shot Blocked by Erik Karlsson.
10:42 of 1st period - Wrist shot by Owen Tippett.
10:42 of 1st period - Shot Misses the Net.
11:05 of 1st period - Snap shot by Owen Tippett.
11:05 of 1st period - Stopped by Jordan Binnington with a rebound.
11:11 of 1st period - Wrist shot by Nick Foligno.
11:11 of 1st period - Stopped by Jordan Binnington with a rebound.
11:13 of 1st period - Slapshot by Tyler Myers.
11:13 of 1st period - Deflect By Owen Tippett.
11:13 of 1st period - Stopped by Jordan Binnington with a rebound.
11:25 of 1st period - Snap shot by Nick Foligno.
11:25 of 1st period - Shot Misses the Net.
11:27 of 1st period - Wrist shot by Lars Eller.
11:27 of 1st period - Shot Misses the Net.
11:29 of 1st period - Slapshot by Thomas Harley.
11:29 of 1st period - Shot Blocked by Travis Sanheim.
11:35 of 1st period - Wrist shot by Owen Tippett.
11:35 of 1st period - Shot Misses the Net.
11:37 of 1st period - Wrist shot by Thomas Harley.
11:37 of 1st period - Deflect By Owen Tippett.
11:37 of 1st period - Shot Blocked by Travis Sanheim.
11:37 of 1st period - Puck is out of play.
11:38 of 1st period - Leon Draisaitl wins face-off versus Nico Hischier in Pittsburgh Penguins zone.
11:38 of 1st period - Leon Draisaitl is hit by Nico Hischier.
12:28 of 1st period - Wrist shot by Jordan Eberle.
12:28 of 1st period - Shot Misses the Net.
12:30 of 1st period - Snap shot by Blake Coleman.
12:30 of 1st period - Stopped by Jake Oettinger without a rebound.
12:31 of 1st period - Pavel Buchnevich wins face-off versus Nico Hischier in Washington Capitals zone.
12:35 of 1st period - Minor Penalty to Tom Wilson for Interference.
12:36 of 1st period - Leon Draisaitl wins face-off versus Lars Eller in Washington Capitals zone.
13:02 of 1st period - John Carlson is hit by Gabriel Vilardi and loses puck.
13:11 of 1st period - Wrist shot by Ryan O'Reilly.
13:11 of 1st period - Stopped by Jake Oettinger without a rebound.
13:12 of 1st period - Sam Reinhart wins face-off versus Sean Kuraly in Washington Capitals zone.
13:21 of 1st period - Wrist shot by Leon Draisaitl.
13:21 of 1st period - Shot Blocked by Jamie Oleksiak.
13:25 of 1st period - Backhand shot by Leon Draisaitl.
13:25 of 1st period - Stopped by Jake Oettinger without a rebound.
13:26 of 1st period - Ryan O'Reilly wins face-off versus Sean Kuraly in Washington Capitals zone.
13:35 of 1st period - Wrist shot by Tage Thompson.
13:35 of 1st period - Shot Misses the Net.
14:02 of 1st period - John Carlson is hit by Sam Reinhart and loses puck.
14:35 of 1st period - Penalty to Tom Wilson is over, Tom Wilson is back on ice.
14:37 of 1st period - Minor Penalty to Tyler Myers for Tripping.
14:38 of 1st period - Ryan O'Reilly wins face-off versus Sean Kuraly in Washington Capitals zone.
14:49 of 1st period - Wrist shot by Tage Thompson.
14:49 of 1st period - Deflect By Thomas Harley.
14:49 of 1st period - Stopped by Jake Oettinger with a rebound.
16:37 of 1st period - Penalty to Tyler Myers is over, Tyler Myers is back on ice.
16:49 of 1st period - Wrist shot by Drake Batherson.
16:49 of 1st period - Shot Misses the Net.
17:25 of 1st period - Snap shot by Pavel Buchnevich.
17:25 of 1st period - Shot Misses the Net.
17:37 of 1st period - Mitchell Marner is hit by Stefan Noesen and loses puck.
17:57 of 1st period - Icing by John Carlson.
17:58 of 1st period - Pavel Buchnevich wins face-off versus Tom Wilson in Washington Capitals zone.
18:48 of 1st period - Thomas Harley is hit by Christian Dvorak and loses puck.
19:11 of 1st period - Wrist shot by Jordan Eberle.
19:11 of 1st period - Shot Blocked by Thomas Harley.
19:13 of 1st period - Slapshot by Blake Coleman.
19:13 of 1st period - Deflect By Jordan Eberle.
19:13 of 1st period - Stopped by Jake Oettinger without a rebound.
19:14 of 1st period - Nico Hischier wins face-off versus Pavel Buchnevich in Washington Capitals zone.
19:14 of 1st period - Nico Hischier is hit by Mattias Ekholm.
19:25 of 1st period - Minor Penalty to Mattias Ekholm for Tripping.
19:26 of 1st period - Nico Hischier wins face-off versus Mitchell Marner in Pittsburgh Penguins zone.
19:53 of 1st period - Erik Gudbranson is hit by John Carlson and loses puck.
19:58 of 1st period - Wrist shot by Jason Robertson.
19:58 of 1st period - Goal by Jason Robertson - Pittsburgh Penguins : 0 - Washington Capitals : 1.
19:59 of 1st period - Ryan O'Reilly wins face-off versus Nico Hischier in neutral zone.
Goals for this period are 0 for Pittsburgh Penguins vs 1 for Washington Capitals.
Shots for this period are 12 for Pittsburgh Penguins vs 9 for Washington Capitals.

2nd period


0:01 of 2nd period - Nico Hischier wins face-off versus Ryan O'Reilly in neutral zone.
0:33 of 2nd period - Icing by Brian Dumoulin.
0:34 of 2nd period - Nick Foligno wins face-off versus Leon Draisaitl in Pittsburgh Penguins zone.
0:35 of 2nd period - Wrist shot by Owen Tippett.
0:35 of 2nd period - Shot Blocked by Sam Reinhart.
1:01 of 2nd period - Nico Hischier is hit by Tage Thompson and loses puck.
1:06 of 2nd period - Slapshot by Gabriel Vilardi.
1:06 of 2nd period - Shot Misses the Net.
1:08 of 2nd period - Snap shot by Tage Thompson.
1:08 of 2nd period - Shot Misses the Net.
1:44 of 2nd period - Zemgus Girgensons is hit by Sean Kuraly.
1:59 of 2nd period - Off-side.
2:00 of 2nd period - Lars Eller wins face-off versus Leon Draisaitl in neutral zone.
2:16 of 2nd period - Slapshot by Owen Tippett.
2:16 of 2nd period - Deflect By Lars Eller.
2:16 of 2nd period - Shot Misses the Net.
2:16 of 2nd period - Puck is out of play.
2:17 of 2nd period - Ryan O'Reilly wins face-off versus Nico Hischier in Pittsburgh Penguins zone.
3:05 of 2nd period - Icing by Travis Sanheim.
3:06 of 2nd period - Tomas Hertl wins face-off versus Leon Draisaitl in Pittsburgh Penguins zone.
3:09 of 2nd period - Snap shot by Drake Batherson.
3:09 of 2nd period - Stopped by Jordan Binnington with a rebound.
3:11 of 2nd period - Snap shot by Drake Batherson.
3:11 of 2nd period - Shot Misses the Net.
3:13 of 2nd period - Wrist shot by Tomas Hertl.
3:13 of 2nd period - Stopped by Jordan Binnington with a rebound.
3:15 of 2nd period - Snap shot by Jason Robertson.
3:15 of 2nd period - Shot Blocked by Mitchell Marner.
3:17 of 2nd period - Slapshot by Tyler Myers.
3:17 of 2nd period - Stopped by Jordan Binnington with a rebound.
3:39 of 2nd period - Snap shot by Tom Wilson.
3:39 of 2nd period - Stopped by Jordan Binnington with a rebound.
3:41 of 2nd period - Wrist shot by Nico Hischier.
3:41 of 2nd period - Stopped by Jordan Binnington with a rebound.
4:55 of 2nd period - Nick Jensen is hit by Erik Gudbranson and loses puck.
5:02 of 2nd period - Snap shot by Pavel Buchnevich.
5:02 of 2nd period - Deflect By Tom Wilson.
5:02 of 2nd period - Shot Blocked by Tom Wilson.
5:02 of 2nd period - Puck is out of play.
5:03 of 2nd period - Leon Draisaitl wins face-off versus Tom Wilson in Washington Capitals zone.
5:04 of 2nd period - Snap shot by Sam Reinhart.
5:04 of 2nd period - Shot Misses the Net.
5:06 of 2nd period - Snap shot by Mitchell Marner.
5:06 of 2nd period - Shot Blocked by John Carlson.
5:08 of 2nd period - Snap shot by Mattias Ekholm.
5:08 of 2nd period - Deflect By Sam Reinhart.
5:08 of 2nd period - Shot Blocked by Tom Wilson.
5:08 of 2nd period - Puck is out of play.
5:09 of 2nd period - Nico Hischier wins face-off versus Mitchell Marner in Washington Capitals zone.
5:15 of 2nd period - Off-side.
5:16 of 2nd period - Ryan O'Reilly wins face-off versus Tomas Hertl in neutral zone.
5:19 of 2nd period - Wrist shot by Ryan O'Reilly.
5:19 of 2nd period - Shot Misses the Net.
5:27 of 2nd period - Wrist shot by Drake Batherson.
5:27 of 2nd period - Deflect By Jason Robertson.
5:27 of 2nd period - Deflect By Gabriel Vilardi.
5:27 of 2nd period - Shot Misses the Net.
5:27 of 2nd period - Puck is out of play.
5:28 of 2nd period - Tomas Hertl wins face-off versus Ryan O'Reilly in Pittsburgh Penguins zone.
5:44 of 2nd period - Wrist shot by Ryan O'Reilly.
5:44 of 2nd period - Shot Blocked by Ian Cole.
6:05 of 2nd period - Snap shot by Alex Ovechkin.
6:05 of 2nd period - Stopped by Jordan Binnington without a rebound.
6:06 of 2nd period - Ryan O'Reilly wins face-off versus Lars Eller in Pittsburgh Penguins zone.
6:11 of 2nd period - Snap shot by Tage Thompson.
6:11 of 2nd period - Stopped by Jake Oettinger without a rebound.
6:12 of 2nd period - Lars Eller wins face-off versus Ryan O'Reilly in Washington Capitals zone.
6:12 of 2nd period - Lars Eller is hit by Gabriel Vilardi.
6:18 of 2nd period - Tage Thompson is hit by Tyler Myers.
6:28 of 2nd period - Snap shot by Ryan O'Reilly.
6:28 of 2nd period - Stopped by Jake Oettinger without a rebound.
6:29 of 2nd period - Nico Hischier wins face-off versus Pavel Buchnevich in Washington Capitals zone.
6:29 of 2nd period - Nico Hischier is hit by Brian Dumoulin.
6:47 of 2nd period - Minor Penalty to Mattias Ekholm for Holding.
6:48 of 2nd period - Tomas Hertl wins face-off versus Mitchell Marner in Pittsburgh Penguins zone.
6:48 of 2nd period - Wrist shot by Jason Robertson.
6:48 of 2nd period - Shot Blocked by Mitchell Marner.
6:50 of 2nd period - Snap shot by Jason Robertson.
6:50 of 2nd period - Stopped by Jordan Binnington without a rebound.
6:51 of 2nd period - Tomas Hertl wins face-off versus Mitchell Marner in Pittsburgh Penguins zone.
6:52 of 2nd period - Wrist shot by Drake Batherson.
6:52 of 2nd period - Shot Misses the Net.
6:54 of 2nd period - Slapshot by Owen Tippett.
6:54 of 2nd period - Shot Blocked by Leon Draisaitl.
6:56 of 2nd period - Wrist shot by Tomas Hertl.
6:56 of 2nd period - Shot Misses the Net.
6:58 of 2nd period - Snap shot by Tomas Hertl.
6:58 of 2nd period - Shot Misses the Net.
7:00 of 2nd period - Snap shot by Tomas Hertl.
7:00 of 2nd period - Shot Misses the Net.
7:16 of 2nd period - Nico Hischier is hit by Sam Reinhart and loses puck.
7:25 of 2nd period - Slapshot by Tom Wilson.
7:25 of 2nd period - Goal by Tom Wilson - Pittsburgh Penguins : 0 - Washington Capitals : 2.
7:26 of 2nd period - Tomas Hertl wins face-off versus Leon Draisaitl in neutral zone.
7:39 of 2nd period - Slapshot by Leon Draisaitl.
7:39 of 2nd period - Goal by Leon Draisaitl - Pittsburgh Penguins : 1 - Washington Capitals : 2.
7:40 of 2nd period - Sam Reinhart wins face-off versus Tomas Hertl in neutral zone.
7:44 of 2nd period - Minor Penalty to Tyler Myers for High sticking.
7:45 of 2nd period - Ryan O'Reilly wins face-off versus Sean Kuraly in Washington Capitals zone.
9:30 of 2nd period - Erik Karlsson is hit by Sean Kuraly and loses puck.
9:44 of 2nd period - Penalty to Tyler Myers is over, Tyler Myers is back on ice.
9:59 of 2nd period - Snap shot by Pavel Buchnevich.
9:59 of 2nd period - Shot Blocked by Sean Kuraly.
10:01 of 2nd period - Slapshot by Erik Karlsson.
10:01 of 2nd period - Stopped by Jake Oettinger with a rebound.
10:17 of 2nd period - Snap shot by Tom Wilson.
10:17 of 2nd period - Shot Misses the Net.
10:19 of 2nd period - Slapshot by Nick Jensen.
10:19 of 2nd period - Shot Misses the Net.
10:21 of 2nd period - Wrist shot by Tom Wilson.
10:21 of 2nd period - Goal by Tom Wilson - Pittsburgh Penguins : 1 - Washington Capitals : 3.
10:22 of 2nd period - Gabriel Vilardi wins face-off versus Tom Wilson in neutral zone.
10:24 of 2nd period - Minor Penalty to Mattias Ekholm for Holding Stick.
10:25 of 2nd period - Tomas Hertl wins face-off versus Sam Reinhart in Pittsburgh Penguins zone.
10:39 of 2nd period - Wrist shot by Sam Reinhart.
10:39 of 2nd period - Shot Misses the Net.
10:41 of 2nd period - Snap shot by Sam Reinhart.
10:41 of 2nd period - Deflect By Ryan O'Reilly.
10:41 of 2nd period - Shot Misses the Net.
10:41 of 2nd period - Puck is out of play.
10:42 of 2nd period - Nico Hischier wins face-off versus Leon Draisaitl in Washington Capitals zone.
11:19 of 2nd period - Snap shot by Alex Ovechkin.
11:19 of 2nd period - Goal by Alex Ovechkin - Pittsburgh Penguins : 1 - Washington Capitals : 4.
11:20 of 2nd period - Tomas Hertl wins face-off versus Leon Draisaitl in neutral zone.
12:06 of 2nd period - Double Minor Penalty to Blake Coleman for High sticking.
12:07 of 2nd period - Tomas Hertl wins face-off versus Mitchell Marner in Pittsburgh Penguins zone.
12:33 of 2nd period - Nick Foligno is hit by Travis Sanheim and loses puck.
13:52 of 2nd period - Thomas Harley is hit by Sam Reinhart and loses puck.
14:21 of 2nd period - Nick Foligno is hit by Brian Dumoulin and loses puck.
16:06 of 2nd period - Penalty to Blake Coleman is over, Blake Coleman is back on ice.
16:36 of 2nd period - Snap shot by Tage Thompson.
16:36 of 2nd period - Stopped by Jake Oettinger without a rebound.
16:37 of 2nd period - Sean Kuraly wins face-off versus Ryan O'Reilly in Washington Capitals zone.
16:37 of 2nd period - Sean Kuraly is hit by Mattias Ekholm.
16:58 of 2nd period - Minor Penalty to Ryan O'Reilly for Holding Stick.
16:59 of 2nd period - Tomas Hertl wins face-off versus Mitchell Marner in Pittsburgh Penguins zone.
18:58 of 2nd period - Penalty to Ryan O'Reilly is over, Ryan O'Reilly is back on ice.
Goals for this period are 1 for Pittsburgh Penguins vs 3 for Washington Capitals.
Shots for this period are 5 for Pittsburgh Penguins vs 10 for Washington Capitals.

3rd period


0:01 of 3rd period - Mitchell Marner wins face-off versus Alex Ovechkin in neutral zone.
0:06 of 3rd period - Slapshot by Travis Sanheim.
0:06 of 3rd period - Shot Misses the Net.
0:34 of 3rd period - Snap shot by Jason Robertson.
0:34 of 3rd period - Stopped by Jordan Binnington without a rebound.
0:35 of 3rd period - Tomas Hertl wins face-off versus Leon Draisaitl in Pittsburgh Penguins zone.
0:48 of 3rd period - Snap shot by Mitchell Marner.
0:48 of 3rd period - Stopped by Jake Oettinger with a rebound.
0:50 of 3rd period - Slapshot by Mattias Ekholm.
0:50 of 3rd period - Goal by Mattias Ekholm - Pittsburgh Penguins : 2 - Washington Capitals : 4.
0:51 of 3rd period - Leon Draisaitl wins face-off versus Tom Wilson in neutral zone.
1:08 of 3rd period - Backhand shot by Leon Draisaitl.
1:08 of 3rd period - Shot Misses the Net.
1:11 of 3rd period - Icing by Tom Wilson.
1:12 of 3rd period - Nico Hischier wins face-off versus Pavel Buchnevich in Washington Capitals zone.
1:12 of 3rd period - Nico Hischier is hit by Mattias Ekholm.
1:22 of 3rd period - Wrist shot by Nico Hischier.
1:22 of 3rd period - Shot Misses the Net.
1:42 of 3rd period - Snap shot by Tom Wilson.
1:42 of 3rd period - Stopped by Jordan Binnington with a rebound.
1:48 of 3rd period - Pavel Buchnevich is hit by Nico Hischier and loses puck.
2:07 of 3rd period - Pavel Buchnevich is hit by Nico Hischier and loses puck.
2:22 of 3rd period - Snap shot by Nico Hischier.
2:22 of 3rd period - Shot Misses the Net.
3:01 of 3rd period - Off-side.
3:02 of 3rd period - Leon Draisaitl wins face-off versus Tomas Hertl in neutral zone.
3:04 of 3rd period - Off-side.
3:05 of 3rd period - Leon Draisaitl wins face-off versus Tomas Hertl in neutral zone.
3:08 of 3rd period - Snap shot by Leon Draisaitl.
3:08 of 3rd period - Stopped by Jake Oettinger without a rebound.
3:09 of 3rd period - Leon Draisaitl wins face-off versus Tomas Hertl in Washington Capitals zone.
3:46 of 3rd period - Snap shot by Mitchell Marner.
3:46 of 3rd period - Stopped by Jake Oettinger with a rebound.
3:48 of 3rd period - Backhand shot by Travis Sanheim.
3:48 of 3rd period - Deflect By Sam Reinhart.
3:48 of 3rd period - Stopped by Jake Oettinger without a rebound.
3:49 of 3rd period - Ryan O'Reilly wins face-off versus Lars Eller in Washington Capitals zone.
4:13 of 3rd period - Minor Penalty to Jamie Oleksiak for Slashing.
4:14 of 3rd period - Ryan O'Reilly wins face-off versus Lars Eller in Washington Capitals zone.
4:41 of 3rd period - Mattias Ekholm is hit by Ian Cole and loses puck.
6:13 of 3rd period - Penalty to Jamie Oleksiak is over, Jamie Oleksiak is back on ice.
6:38 of 3rd period - Icing by Jamie Oleksiak.
6:39 of 3rd period - Phillip Danault wins face-off versus Nico Hischier in Washington Capitals zone.
7:06 of 3rd period - Slapshot by Jordan Eberle.
7:06 of 3rd period - Shot Misses the Net.
7:08 of 3rd period - Slapshot by Jordan Eberle.
7:08 of 3rd period - Shot Misses the Net.
8:03 of 3rd period - Slapshot by Erik Karlsson.
8:03 of 3rd period - Stopped by Jake Oettinger without a rebound.
8:04 of 3rd period - Phillip Danault wins face-off versus Sean Kuraly in Washington Capitals zone.
8:23 of 3rd period - Thomas Harley is hit by Zemgus Girgensons and loses puck.
8:42 of 3rd period - Thomas Harley is hit by Christian Dvorak and loses puck.
9:07 of 3rd period - Slapshot by Stefan Noesen.
9:07 of 3rd period - Deflect By Fabian Zetterlund.
9:07 of 3rd period - Stopped by Jordan Binnington with a rebound.
9:21 of 3rd period - Slapshot by Erik Karlsson.
9:21 of 3rd period - Shot Blocked by Thomas Harley.
9:23 of 3rd period - Slapshot by Phillip Danault.
9:23 of 3rd period - Stopped by Jake Oettinger with a rebound.
9:29 of 3rd period - Snap shot by Phillip Danault.
9:29 of 3rd period - Shot Misses the Net.
9:58 of 3rd period - Off-side.
9:59 of 3rd period - Tomas Hertl wins face-off versus Tage Thompson in neutral zone.
10:04 of 3rd period - Snap shot by Drake Batherson.
10:04 of 3rd period - Shot Blocked by Carson Soucy.
10:06 of 3rd period - Snap shot by Jason Robertson.
10:06 of 3rd period - Stopped by Jordan Binnington with a rebound.
10:08 of 3rd period - Snap shot by Drake Batherson.
10:08 of 3rd period - Shot Misses the Net.
10:10 of 3rd period - Slapshot by Drake Batherson.
10:10 of 3rd period - Shot Blocked by Erik Gudbranson.
10:12 of 3rd period - Snap shot by Drake Batherson.
10:12 of 3rd period - Shot Misses the Net.
10:14 of 3rd period - Snap shot by Tomas Hertl.
10:14 of 3rd period - Stopped by Jordan Binnington without a rebound.
10:15 of 3rd period - Nick Foligno wins face-off versus Leon Draisaitl in Pittsburgh Penguins zone.
10:24 of 3rd period - John Carlson is hit by Sam Reinhart and loses puck.
10:31 of 3rd period - Backhand shot by Leon Draisaitl.
10:31 of 3rd period - Shot Blocked by Ian Cole.
10:41 of 3rd period - Erik Gudbranson is hit by Drake Batherson and loses puck.
10:58 of 3rd period - Major / Game Misconduct Penalty to Tomas Hertl for Spearing.
10:58 of 3rd period - Tomas Hertl is ejected from game.
10:59 of 3rd period - Ryan O'Reilly wins face-off versus Lars Eller in Washington Capitals zone.
11:10 of 3rd period - Snap shot by Tage Thompson.
11:10 of 3rd period - Deflect By Ryan O'Reilly.
11:10 of 3rd period - Shot Misses the Net.
11:10 of 3rd period - Puck is out of play.
11:11 of 3rd period - Nick Foligno wins face-off versus Leon Draisaitl in Washington Capitals zone.
11:20 of 3rd period - Slapshot by Brian Dumoulin.
11:20 of 3rd period - Goal by Brian Dumoulin - Pittsburgh Penguins : 3 - Washington Capitals : 4.
11:21 of 3rd period - Ryan O'Reilly wins face-off versus Sean Kuraly in neutral zone.
11:51 of 3rd period - Off-side.
11:52 of 3rd period - Leon Draisaitl wins face-off versus Lars Eller in neutral zone.
12:41 of 3rd period - Snap shot by Leon Draisaitl.
12:41 of 3rd period - Deflect By Jamie Oleksiak.
12:41 of 3rd period - Shot Misses the Net.
12:41 of 3rd period - Puck is out of play.
12:42 of 3rd period - Sean Kuraly wins face-off versus Ryan O'Reilly in Washington Capitals zone.
12:47 of 3rd period - Snap shot by John Carlson.
12:47 of 3rd period - Stopped by Jordan Binnington without a rebound.
12:48 of 3rd period - Ryan O'Reilly wins face-off versus Sean Kuraly in Pittsburgh Penguins zone.
12:50 of 3rd period - Minor Penalty to Tage Thompson for Tripping.
12:51 of 3rd period - Nico Hischier wins face-off versus Mitchell Marner in Pittsburgh Penguins zone.
13:05 of 3rd period - Slapshot by Leon Draisaitl.
13:05 of 3rd period - Goal by Leon Draisaitl - Pittsburgh Penguins : 4 - Washington Capitals : 4.
13:06 of 3rd period - Sam Reinhart wins face-off versus Fabian Zetterlund in neutral zone.
13:17 of 3rd period - Wrist shot by Sam Reinhart.
13:17 of 3rd period - Shot Misses the Net.
13:33 of 3rd period - Mitchell Marner is hit by Owen Tippett and loses puck.
13:44 of 3rd period - Snap shot by Leon Draisaitl.
13:44 of 3rd period - Stopped by Jake Oettinger with a rebound.
14:50 of 3rd period - Penalty to Tage Thompson is over, Tage Thompson is back on ice.
15:09 of 3rd period - Snap shot by Ryan O'Reilly.
15:09 of 3rd period - Stopped by Jake Oettinger with a rebound.
15:25 of 3rd period - Snap shot by Tage Thompson.
15:25 of 3rd period - Deflect By Sam Reinhart.
15:25 of 3rd period - Shot Misses the Net.
15:25 of 3rd period - Puck is out of play.
15:26 of 3rd period - Leon Draisaitl wins face-off versus Sean Kuraly in Washington Capitals zone.
15:29 of 3rd period - Snap shot by Mitchell Marner.
15:29 of 3rd period - Shot Hit the Post.
15:43 of 3rd period - Minor Penalty to Leon Draisaitl for Tripping.
15:44 of 3rd period - Mitchell Marner wins face-off versus Nico Hischier in Pittsburgh Penguins zone.
15:49 of 3rd period - Ian Cole is hit by Mitchell Marner.
15:58 of 3rd period - Penalty to Tomas Hertl is over, Fabian Zetterlund is send on ice.
16:28 of 3rd period - Erik Karlsson is hit by Nick Foligno and loses puck.
16:45 of 3rd period - Erik Karlsson is hit by Owen Tippett.
16:49 of 3rd period - Travis Sanheim is hit by Nico Hischier and loses puck.
17:43 of 3rd period - Penalty to Leon Draisaitl is over, Leon Draisaitl is back on ice.
18:47 of 3rd period - Snap shot by Tom Wilson.
18:47 of 3rd period - Stopped by Jordan Binnington without a rebound.
18:48 of 3rd period - Nico Hischier wins face-off versus Leon Draisaitl in Pittsburgh Penguins zone.
19:21 of 3rd period - Wrist shot by Jordan Eberle.
19:21 of 3rd period - Stopped by Jake Oettinger without a rebound.
19:22 of 3rd period - Phillip Danault wins face-off versus Lars Eller in Washington Capitals zone.
19:23 of 3rd period - Slapshot by Mattias Ekholm.
19:23 of 3rd period - Stopped by Jake Oettinger without a rebound.
19:24 of 3rd period - Lars Eller wins face-off versus Zemgus Girgensons in Washington Capitals zone.
19:29 of 3rd period - Christian Dvorak is hit by Lars Eller.
Goals for this period are 3 for Pittsburgh Penguins vs 0 for Washington Capitals.
Shots for this period are 13 for Pittsburgh Penguins vs 7 for Washington Capitals.

Overtime #1


0:01 of 1st overtime period - Sam Reinhart wins face-off versus Nico Hischier in neutral zone.
0:04 of 1st overtime period - Slapshot by Erik Karlsson.
0:04 of 1st overtime period - Deflect By Ryan O'Reilly.
0:04 of 1st overtime period - Shot Blocked by Nico Hischier.
0:04 of 1st overtime period - Puck is out of play.
0:05 of 1st overtime period - Nico Hischier wins face-off versus Sam Reinhart in Washington Capitals zone.
0:40 of 1st overtime period - Snap shot by Leon Draisaitl.
0:40 of 1st overtime period - Goal by Leon Draisaitl - Pittsburgh Penguins : 5 - Washington Capitals : 4.
Goals for this period are 1 for Pittsburgh Penguins vs 0 for Washington Capitals.
Shots for this period are 1 for Pittsburgh Penguins vs 0 for Washington Capitals.